 Dungeon Crawl Stone Soup version 0.23.2-1-ga50397a6bc (webtiles) character file.

Game seed: 13524541525961235535

4617 nocturnal the Grappler (level 10, -3/80 (81) HPs)
             Began as a Ghoul Warper on May 17, 2019.
             Was an Elder of Hepliaklqana.
             Slain by a troll (8 damage)
             ... on level 8 of the Dungeon.
             The game lasted 00:41:06 (13519 turns).

nocturnal the Grappler (Ghoul Warper)              Turns: 13519, Time: 00:41:07

HP:   -3/80 (81)    AC:  6    Str: 17    XL:     10   Next: 42%
MP:   13/15         EV: 11    Int: 10    God:    Hepliaklqana [****..]
Gold: 639           SH:  6    Dex: 11    Spells: 13/17 levels left

rFire    . . .     SeeInvis +     - Unarmed
rCold    + . .     Gourm    .   V - +2 buckler
rNeg     + + +     Faith    .   Q - +1 robe {MR+}
rPois    ∞         Spirit   .   m - +0 helmet
rElec    .         Reflect  .   u - scarf {cloud immunity}
rCorr    .         Harm     .   (no gloves)
MR       +....                  D - +1 pair of boots
Stlth    +.........             E - amulet of the acrobat
HPRegen  0.00/turn              s - +3 ring of dexterity
MPRegen  0.14/turn              w - ring of see invisible

@: very slightly contaminated, rotting, studying Armour
A: rotting body, reduced essence, claws 1, carnivore, cold resistance 1,
negative energy resistance 3, inhibited regeneration, torment resistance,
unbreathing
a: Recall Ancestor, Ancestor Identity, Transference, Idealise, Renounce Religion


You were on level 8 of the Dungeon.
You worshipped Hepliaklqana.
Hepliaklqana was greatly pleased with you.
You were hungry.

You visited 2 branches of the dungeon, and saw 10 of its levels.
You also visited: Sewer.

You collected 639 gold pieces.

Inventory:

Hand Weapons
 b - a +0 blowgun
 v - a +5 spear of flaming
 G - a +0 hunting sling
 U - the +6 trident of Peace {pain, rF++ Dex+2 Stlth+}
   (You took it off a gnoll sergeant on level 5 of the Dungeon)

   In the hands of one skilled in necromantic magic, it inflicts extra damage on
   living creatures.
   It affects your dexterity (+2).
   It greatly protects you from fire.
   It makes you more stealthy.
Missiles
 d - 5 tomahawks of dispersal (quivered)
 e - 311 stones
 I - 45 sling bullets
 J - 75 poisoned needles
Armour
 i - a +0 shield
 m - a +0 helmet (worn)
 u - a scarf of cloud immunity (worn)
 y - a +0 scale mail
 D - a +1 pair of boots (worn)
 Q - a +1 robe of magic resistance (worn)
 V - a +2 buckler (worn)
 W - the cursed +0 ring mail of the Spheres {rF+}
   (You took it off a gnoll sergeant on level 5 of the Dungeon)

   It protects you from fire.
   It has a curse placed upon it.
Jewellery
 s - a +3 ring of dexterity (left claw)
 w - a ring of see invisible (right claw)
 B - a +3 ring of dexterity
 E - an amulet of the acrobat (around neck)
 X - the amulet "Ystru" {Acrobat rElec Str+3 Int-4}
   (You took it off a gnoll sergeant on level 5 of the Dungeon)

   [amulet of the acrobat]

   It helps you evade while moving and waiting.
   It affects your strength (+3).
   It affects your intelligence (-4).
   It insulates you from electricity.
Wands
 g - a wand of iceblast (15)
 t - a wand of flame (18)
 F - a wand of acid (2)
 O - a wand of enslavement (4)
 P - a wand of digging (4)
 Z - a wand of paralysis (20)
Scrolls
 c - 3 scrolls of blinking
 n - 2 scrolls of teleportation
 r - 2 scrolls of enchant weapon
 C - 4 scrolls of remove curse {@r2}
 L - a scroll of fear
 S - a scroll of enchant armour {unknown}
 T - a scroll of amnesia {unknown}
Potions
 h - 3 potions of agility {unknown}
 j - 2 potions of cancellation
 k - 9 potions of brilliance
 o - 2 potions of degeneration {unknown}
 x - 2 potions of haste
 z - 4 potions of magic
 A - 7 potions of heal wounds
 H - 2 potions of might
 K - 4 potions of curing {@q1}
 N - a potion of resistance {unknown}
 R - 2 potions of flight {unknown}
Books
 Y - a manual of Armour
Comestibles
 a - a chunk of flesh
 f - 9 rations


   Skills:
 + Level 8.4 Fighting
 - Level 5.3 Throwing
 + Level 3.0 Armour
 - Level 1.7 Dodging
 + Level 1.8 Shields
 + Level 11.2 Unarmed Combat
 - Level 4.0 Spellcasting
 - Level 2.6 Translocations


You had 13 spell levels left.
You knew the following spells:

 Your Spells              Type           Power        Failure   Level  Hunger
b - Blink                 Tloc           N/A          17%         2    ##.....
q - Shroud of Golubria    Chrm/Tloc      #.........   28%         2    ##.....

Your spell library contained the following spells:

 Spells                   Type           Power        Failure   Level  Hunger
 Freeze                   Ice            #...         32%         1    #......
 Sandblast                Erth           #.....       32%         1    #......
 Gell's Gravitas          Tloc           #.........   32%         3    ###....
 Lesser Beckoning         Tloc           #.........   32%         3    ###....
 Teleport Other           Tloc           #.......     32%         3    ###....
 Passwall                 Tmut/Erth      #.......     45%         2    ##.....
 Throw Frost              Conj/Ice       #.....       45%         2    ##.....
 Ozocubu's Armour         Chrm/Ice       #.......     69%         3    ###....
 Stone Arrow              Conj/Erth      #.....       69%         3    ###....
 Passage of Golubria      Tloc           N/A          73%         4    #####..
 Petrify                  Tmut/Erth      #.......     97%         4    #####..
 Summon Ice Beast         Ice/Summ       #.......     97%         4    #####..
 Throw Icicle             Conj/Ice       #.......     97%         4    #####..
 Lee's Rapid Deconstruct  Erth           #.........   100%        5    ######.


Dungeon Overview and Level Annotations

Branches:
Dungeon (9/15)             Temple (1/1) D:5
   Lair: D:8-11         Orc: D:9-12

Altars:
Ashenzari
Cheibriados
Dithmenos
Elyvilon
Fedhas
Gozag
Hepliaklqana
Kikubaaqudgha
Makhleb
Nemelex Xobeh
Okawaru
Qazlal
Ru
Sif Muna
Trog
Uskayaw
Vehumet
Wu Jian
Xom
Yredelemnul
Zin
The Shining One

Shops:
D:7 (

Annotations:
D:7 !ugly thing
D:9 Joseph


Innate Abilities, Weirdness & Mutations

Your body is rotting away.
You thrive on raw meat.
You are immune to poison.
You have sharp fingernails.
You are carnivorous and can eat meat at any time.
Your flesh is cold resistant. (rC+)
You are immune to negative energy. (rN+++)
You do not regenerate when monsters are visible.
You are immune to unholy pain and torment.
You can survive without breathing.
Your life essence is reduced to manifest your ancestor. (-10% HP)


Message History

The troll is lightly wounded.
The troll bites you but does no damage. The troll claws you!
* * * LOW HITPOINT WARNING * * *
The troll closely misses you.
You feel your flesh rotting away.
There is a stone staircase leading up here.
The troll closely misses you. The troll claws you!
* * * LOW HITPOINT WARNING * * *
You block the troll's attack.
You climb upwards.
There is a stone staircase leading down here.
Casting: Shroud of Golubria (safe; 28% risk of failure)
Confirm with . or Enter, or press ? or * to list all spells.
You miscast Blink.
You are very lightly contaminated with residual magic.
The air around you crackles with energy!
The troll misses you. The troll claws you.
* * * LOW HITPOINT WARNING * * *
The troll claws you!
You die...

####..# #..# #.# #..#
#..####.####
#..############
#...........
#.............#
##.#########
####..##########.# #.#
#.....# #.# ###.#########
#.##..# #.#
##........##..
#.##..######
#.###.#...........
..[..[.)...#
#@##.###.####.##..
..##.#####.#####T###.#..#
#.###. ...#.#
#..............# #.# #.
.....#########.#.####.###
#.# ## .......).# #.#.#
#)# #.#### ##.#####.#
#.#.# ##.## #..... ##.#
#.# #...# #.).# ##....
#.# #.# #.### #.).# #.###
#.# #.# #.# #...# #.#


You could see a troll.

Vanquished Creatures
  The ghost of terraru the Digger, a novice GrEE of Sif Muna (D:5)
  The ghost of TheAraber the Magician, a novice DECj (D:6)
  A troll (D:7)
  The ghost of Sondor the Skirmisher, an amateur DsFi (D:4)
  An orc warrior (D:8)
  An ice beast (D:7)
  A black bear (D:6)
  3 ogres
  A phantom (D:4)
  A sky beast (D:8)
  A centaur (D:8)
  2 big kobolds
  3 bullfrogs
  3 gnoll sergeants (D:5)
  A wyvern zombie (D:7)
  2 scorpions
  5 killer bees (D:8)
  4 wights (D:6)
  A howler monkey (D:7)
  A bullfrog zombie (D:4)
  A crimson imp (D:7)
  The ghost of Ikoden the Sneak, a weakling VSAs (D:3)
  A centaur zombie (D:6)
  A centaur skeleton (D:2)
  A gnoll shaman (D:4)
  2 hounds (D:8)
  3 jellies
  2 orc priests
  2 orc wizards
  5 iguanas
  Jessica (D:2)
  Natasha (D:2)
  6 worker ants
  Robin (D:2)
  12 adders
  10 gnolls
  A howler monkey skeleton (D:4)
  3 river rats (Sewer)
  3 shadow imps
  2 oozes
  An adder skeleton (D:4)
  5 worms
  5 dart slugs
  2 leopard geckos
  14 orcs
  3 ball pythons
  6 giant cockroaches
  16 goblins
  8 hobgoblins
  2 quokkas
  4 bats
  3 frilled lizards
  18 kobolds
  A quokka zombie (D:6)
  18 rats
  A plant (D:5)
201 creatures vanquished.

Vanquished Creatures (collateral kills)
  A water moccasin (D:7)
  A black bear (D:8)
  An ice beast (D:5)
  2 ogres
  A big kobold (D:9)
  A killer bee (D:8)
  An orc priest (D:5)
  A gnoll shaman (D:5)
  An iguana (D:5)
  2 adders
  A shadow imp (D:6)
  2 leopard geckos (D:5)
  3 orcs (D:5)
  A goblin (D:3)
  A hobgoblin (D:3)
  2 quokkas
  3 ball pythons
  A bat (D:3)
  A frilled lizard (Sewer)
  10 kobolds
  10 rats
47 creatures vanquished.

Vanquished Creatures (others)
  8 hexers
  2 ancestors
  4 plants (D:5)
14 creatures vanquished.

Grand Total: 262 creatures vanquished

Notes
Turn   | Place    | Note
-------+----------+-------------------------------------------
     0 | D:1      | nocturnal the Ghoul Warper began the quest for the Orb.
     0 | D:1      | Reached XP level 1. HP: 17/17 MP: 2/2
   164 | D:1      | Reached skill level 1 in Throwing
   395 | D:1      | Reached XP level 2. HP: 21/25 MP: 3/3
   718 | D:1      | Reached skill level 3 in Unarmed Combat
   841 | D:1      | Learned a level 2 spell: Shroud of Golubria
   844 | D:1      | Learned a level 2 spell: Blink
   941 | D:2      | Reached XP level 3. HP: 25/30 MP: 4/4
  1070 | D:2      | Noticed Robin
  1549 | D:2      | Noticed Jessica
  1803 | D:2      | Killed Jessica
  1803 | D:2      | Reached XP level 4. HP: 33/37 MP: 5/5
  1874 | D:2      | Found a hazy altar of Hepliaklqana.
  1932 | D:2      | Became a worshipper of Hepliaklqana the Forgotten
  2273 | D:2      | Reached skill level 4 in Unarmed Combat
  2440 | D:2      | Killed Robin
  2532 | D:2      | Reached XP level 5. HP: 9/40 MP: 6/6
  2755 | D:2      | Noticed Natasha
  2759 | D:2      | Killed Natasha
  2927 | D:3      | Found a runed translucent gate.
  2927 | D:3      | Found a runed translucent gate.
  2927 | D:3      | Found a runed translucent gate.
  2936 | D:3      | Noticed Ikoden's ghost (weakling VSAs)
  3021 | D:3      | Found a faded altar of an unknown god.
  3212 | D:3      | Found a shattered altar of Ashenzari.
  3359 | D:3      | Found a stormy altar of Qazlal.
  3362 | D:3      | Found a hide-covered altar of Uskayaw.
  3387 | D:3      | Found a glowing silver altar of Zin.
  3388 | D:3      | Found an ancient bone altar of Kikubaaqudgha.
  3388 | D:3      | Found a white marble altar of Elyvilon.
  3388 | D:3      | Found a radiant altar of Vehumet.
  3389 | D:3      | Found a shattered altar of Ashenzari.
  3391 | D:3      | Found a sacrificial altar of Ru.
  3393 | D:3      | Found a burning altar of Makhleb.
  4131 | D:4      | Reached * piety under Hepliaklqana
  4164 | D:4      | Reached skill level 5 in Unarmed Combat
  4164 | D:4      | Reached XP level 6. HP: 34/46 MP: 7/7
  4248 | D:4      | Found a transporter.
  5148 | D:4      | Found a transporter.
  5148 | D:4      | Noticed Sondor's ghost (amateur DsFi)
  5644 | D:4      | Reached XP level 7. HP: 45/53 MP: 9/9
  5747 | D:5      | Entered Level 5 of the Dungeon
  5816 | D:4      | Reached skill level 6 in Unarmed Combat
  5901 | D:5      | Found a shimmering altar of Xom.
  6037 | D:5      | Found a staircase to the Ecumenical Temple.
  6104 | D:5      | Identified the +6 trident of Peace {pain, rF++ Dex+2
                  | Stlth+}
  6104 | D:5      | Identified the cursed +0 ring mail of the Spheres {rF+}
  6238 | D:5      | Reached skill level 5 in Fighting
  6335 | Temple   | Entered the Ecumenical Temple
  6601 | D:5      | Found a transporter.
  6613 | D:5      | Reached skill level 7 in Unarmed Combat
  6613 | D:5      | Reached XP level 8. HP: 49/61 MP: 11/11
  6635 | D:5      | Identified the amulet "Ystru" {Acrobat rElec Str+3 Int-4}
  6686 | D:5      | Noticed terraru's ghost (novice GrEE)
  6708 | D:5      | Found a transporter.
  7142 | D:6      | Reached skill level 8 in Unarmed Combat
  7145 | D:6      | Reached ** piety under Hepliaklqana
  7146 | D:6      | Remembered your ancestor Xonothar as a hexer
  7155 | D:6      | Found a glowing drain.
  7170 | Sewer    | Entered a sewer
  8139 | D:6      | Found an ornate altar of the Wu Jian Council.
  8233 | D:6      | Found an opulent altar of Gozag.
  8298 | D:6      | Found a large runed translucent door.
  8298 | D:6      | Found a large runed translucent door.
  8299 | D:6      | Noticed TheAraber's ghost (novice DECj)
  8830 | D:3      | Killed Ikoden's ghost
  8991 | D:4      | Killed Sondor's ghost
  8991 | D:4      | Reached XP level 9. HP: 50/67 MP: 12/14
  9216 | D:7      | Reached skill level 9 in Unarmed Combat
  9244 | D:7      | Noticed a troll
  9254 | D:7      | Killed a troll
  9486 | D:7      | Reached *** piety under Hepliaklqana
  9669 | D:7      | Found Tus Toank's Antique Weapon Shoppe.
 10261 | D:8      | Reached skill level 10 in Unarmed Combat
 10752 | D:8      | Noticed a brown ugly thing
 10775 | D:8      | HP: 3/71 [acid (7)]
 11521 | D:5      | Killed terraru's ghost
 11521 | D:5      | Reached skill level 5 in Throwing
 11521 | D:5      | Reached XP level 10. HP: 72/77 MP: 15/15
 11538 | D:5      | Reached skill level 11 in Unarmed Combat
 11809 | D:6      | Killed TheAraber's ghost
 11809 | D:6      | Reached skill level 1 in Armour
 11969 | D:8      | Noticed a killer bee
 11970 | D:8      | Noticed a killer bee
 11970 | D:8      | Noticed a killer bee
 11970 | D:8      | Noticed a killer bee
 11970 | D:8      | Noticed a killer bee
 11977 | D:8      | Killed a killer bee
 11977 | D:8      | Reached skill level 1 in Shields
 11979 | D:8      | Noticed a killer bee
 11987 | D:8      | Killed a killer bee
 11990 | D:8      | Killed a killer bee
 11992 | D:8      | Killed a killer bee
 12001 | D:8      | Killed a killer bee
 12008 | D:8      | Killed a killer bee
 12824 | D:8      | Reached **** piety under Hepliaklqana
 13380 | D:9      | Noticed a two-headed ogre
 13383 | D:9      | Noticed Joseph
 13519 | D:8      | Slain by a troll

Skill      XL: |  1  2  3  4  5  6  7  8  9 10 |
---------------+-------------------------------+-----
Throwing       | 1 2 3 5 |  5.3
Unarmed Combat | 3 4 5 7 8 10 11 | 11.2
Fighting       | 3 4 5 6 7 8 |  8.4
Spellcasting   | 2 3 4 |  4.0
Armour         | 3 |  3.0
Shields        | 1 |  1.8
Dodging        | |  1.7
Translocations | |  2.6

Action                   |  1- 3 |  4- 6 |  7- 9 | 10-12 || total
-------------------------+-------+-------+-------+-------++-------
Melee: Unarmed           |    96 |   178 |   348 |   121 ||   743
       Punch             |     3 |     4 |    16 |     6 ||    29
 Cast: Blink             |       |       |       |     2 ||     2
       Shroud of Golubri |       |       |       |     1 ||     1
Invok: Ancestor Identity |       |     2 |     1 |       ||     3
       Ancestor Life: He |       |       |     1 |       ||     1
       Recall Ancestor   |       |       |       |     1 ||     1
Evoke: Wand              |       |       |       |     3 ||     3
  Use: Scroll            |       |       |    16 |     1 ||    17
       Potion            |       |       |     1 |       ||     1
 Stab: Distracted        |       |     1 |     3 |       ||     4
       Confused          |       |       |       |     1 ||     1
       Invisible         |       |       |       |     1 ||     1
  Eat: Chunk             |     4 |    10 |    19 |     6 ||    39
       Ration            |       |       |     2 |       ||     2
Armor: Leather armour    |    36 |    35 |    70 |       ||   141
       Robe              |       |       |    14 |    10 ||    24
Dodge: Dodged            |    57 |    87 |   239 |    67 ||   450
Block: Buckler           |       |       |       |     7 ||     7
